TAMPA BAY Lightning vs SEATTLE Kraken

Created - 26 février 2024 at 23:15

Goals
1 2 3 T
TAMPA BAY Lightning 1 2 0 3
SEATTLE Kraken 4 1 0 5
Shots
1 2 3 T
TAMPA BAY Lightning 7 12 11 30
SEATTLE Kraken 13 11 11 35

1st period

1. SEATTLE Kraken , Jordan Greenway 10 (Luke Kunin 6) at 6:11
2. SEATTLE Kraken , Matt Martin 7 (Matty Beniers 12) at 9:03
3. SEATTLE Kraken , Radko Gudas 4 (Brendan Lemieux 11, Jordan Greenway 10) at 11:22 (PP)
4. SEATTLE Kraken , Jake Gardiner 4 (Jakub Zboril 8, Matty Beniers 13) at 13:36 (PP)
5. TAMPA BAY Lightning , Nick Ritchie 4 (Dylan DeMelo 18, Timothy Liljegren 15) at 15:05

Penalties :
Mathieu Olivier (SEA) for Roughing (Minor) at 2:00, Erik Gudbranson (TBL) for High sticking (Minor) at 11:12, Anders Lee (TBL) for Tripping (Minor) at 12:06, Luke Kunin (SEA) for Hooking (Minor) at 19:19, Dylan DeMelo (TBL) for Delaying the game (Minor) at 19:19

2nd period

6. TAMPA BAY Lightning , Mikael Backlund 15 (Timothy Liljegren 16, Dylan DeMelo 19) at 6:22
7. SEATTLE Kraken , Jake Gardiner 5 (Jakub Zboril 9, Wayne Simmonds 3) at 10:28 (PP)
8. TAMPA BAY Lightning , Mikael Backlund 16 (Eeli Tolvanen 11, Dylan DeMelo 20) at 18:03

Penalties :
Jordan Gross (SEA) for Boarding (Minor) at 6:27, Robert Hagg (TBL) for Roughing (Minor) at 8:46, Robert Hagg (TBL) for Goalie Interference (Minor) at 13:24, Timothy Liljegren (TBL) for Goalie Interference (Minor) at 18:55

3rd period

No Goal

Penalties :
Josh Mahura (TBL) for Holding (Minor) at 5:25, Radko Gudas (SEA) for Tripping (Minor) at 17:34

Goalie Stats

Calvin Petersen (TBL), 20 saves from 20 shots - (1,000), 29:32 minutes
Karel Vejmelka (TBL), 10 saves from 15 shots - (0,667), L, 7-11-1, 30:28 minutes
Sergei Bobrovsky (SEA), 27 saves from 30 shots - (0,900), W, 8-14-5, 60:00 minutes

Players Stats for TAMPA BAY Lightning

Player Name              G  A  P  +/- PIM S  H  SB GA TA FO     MP     PP MP  PK MP  
------------------------------------------------------------------------------------
Anders Lee               0  0  0   2  2   1  2  0  0  0  0/1    16:23   2:57   0:14 
Brock McGinn             0  0  0   0  0   1  1  1  0  0  2/4    16:53   0:00   7:07 
Chad Ruhwedel            0  0  0  -1  0   2  2  0  0  0  0/0    18:37   0:00   3:41 
Christian Fischer        0  0  0  -1  0   1  1  0  0  0  0/0    10:12   0:00   0:14 
Dylan DeMelo             0  3  3   2  2   2  0  0  0  0  0/0    24:38   2:35   5:48 
Eeli Tolvanen            0  1  1   2  0   2  0  0  0  0  0/1    18:09   2:57   0:00 
Erik Gudbranson          0  0  0  -1  2   0  2  2  0  0  0/0    23:48   2:35   5:38 
Josh Mahura              0  0  0   0  2   2  0  0  0  0  0/0    17:36   3:22   0:43 
Mason Marchment          0  0  0   0  0   2  3  0  0  0  1/2    12:46   3:00   0:00 
Mikael Backlund          2  0  2   2  0   5  0  0  0  0  27/41  25:16   2:57   7:07 
Nick Ritchie             1  0  1  -1  0   1  2  0  0  0  1/1     9:58   0:00   0:00 
Nicolas Deslauriers      0  0  0   0  0   2  2  0  0  0  0/0     9:48   0:00   0:00 
Robert Hagg              0  0  0   0  4   1  1  1  0  0  0/0    12:50   0:00   0:00 
Ryan Reaves              0  0  0   0  0   2  1  0  0  0  0/0     9:48   0:00   0:00 
Sammy Blais              0  0  0   0  0   2  0  0  0  0  2/8     9:48   0:00   0:00 
Scott Laughton           0  0  0   0  0   2  1  0  0  0  7/15   14:44   3:00   1:58 
Timothy Liljegren        0  2  2   2  2   2  5  0  0  0  0/0    22:25   3:22   2:48 
Tyson Jost               0  0  0  -1  0   0  1  0  0  0  8/16   14:56   3:00   1:58 

Players Stats for SEATTLE Kraken

Player Name              G  A  P  +/- PIM S  H  SB GA TA FO     MP     PP MP  PK MP  
------------------------------------------------------------------------------------
Arber Xhekaj             0  0  0  -1  0   0  4  1  0  0  0/0    14:46   0:00   0:03 
Brendan Lemieux          0  1  1   0  0   5  5  1  0  0  4/9    26:20   6:04   3:13 
Givani Smith             0  0  0  -1  0   0  0  0  0  0  0/1    11:03   0:00   0:00 
Jake Gardiner            2  0  2   0  0   4  0  2  0  0  0/0    24:21   3:06   3:27 
Jakub Zboril             0  2  2  -1  0   2  2  2  0  0  0/0    22:22   4:11   2:44 
Joel Hanley              0  0  0   0  0   0  2  0  0  0  0/0    21:42   6:13   3:00 
John Hayden              0  0  0   0  0   0  0  0  0  0  0/0     0:00   0:00   0:00 
Jordan Greenway          1  1  2   0  0   6  1  1  0  0  2/3    21:31   6:04   2:15 
Jordan Gross             0  0  0   0  2   0  0  0  0  0  0/0    12:35   0:00   0:23 
Liam O'Brien             0  0  0   0  0   1  1  0  0  0  0/1    16:03   0:00   0:03 
Luke Kunin               0  1  1   0  2   3  0  0  0  0  11/26  21:03   6:04   3:39 
Mathieu Olivier          0  0  0  -1  2   0  0  0  0  0  6/11   11:02   0:00   0:00 
Matt Martin              1  0  1   0  0   4  3  2  0  0  1/2    21:26   3:15   2:15 
Matty Beniers            0  2  2   0  0   4  1  0  0  0  12/27  19:09   3:15   0:00 
Radko Gudas              1  0  1   0  2   3  4  1  0  0  0/0    24:12   5:08   2:17 
Ryan Kesler              0  0  0   0  0   2  0  0  0  0  2/3     5:40   0:00   0:29 
Wayne Simmonds           0  1  1  -1  0   1  0  0  0  0  1/2    14:18   3:15   0:00 
Zack MacEwen             0  0  0   0  0   0  1  0  0  0  2/4     4:27   0:00   0:00 

3 Stars

1 - Jake Gardiner (SEA)
2 - Mikael Backlund (TBL)
3 - Jordan Greenway (SEA)

Power Play

TAMPA BAY Lightning - 0 on 3 Attempt(s) - 0,00%
SEATTLE Kraken - 3 on 6 Attempt(s) - 50,00%

Penalty Kill

TAMPA BAY Lightning - 3 on 6 Attempt(s) - 50,00% - Score 0 goal in Penalty Kill
SEATTLE Kraken - 3 on 3 Attempt(s) - 100,00% - Score 0 goal in Penalty Kill

Team Stat

TAMPA BAY Lightning - Hits : 24 - Faceoff Wins : 48 - Blocked Shots : 4 - Penalty Minutes : 14
SEATTLE Kraken - Hits : 24 - Faceoff Wins : 41 - Blocked Shots : 10 - Penalty Minutes : 8

Official

Referees : Justin Kea and Gord Dwyer
Linesman : Owen Gidlow and Julien Fournier

Game Notes

Calvin Petersen enters game at 10:28 of 2nd period

Finance

Level 1 -- Attendance: 5065 (84,42%) -- Ticket Income $506,500
Level 2 -- Attendance: 4128 (82,56%) -- Ticket Income $247,680
Level 3 -- Attendance: 1972 (98,60%) -- Ticket Income $69,020
Level 4 -- Attendance: 2896 (72,40%) -- Ticket Income $72,400
Luxury Box -- Attendance: 862 (86,20%) -- Ticket Income $172,400
Total Attendance: 14923 (82,91%)
Total Ticket Income: $1,068,000
Other Income: $267,000
Total Income: $1,335,000

TAMPA BAY Lightning

5 vs 5 Forward 
   Center                   Left Wing                Right Wing               Time % Phy DF OF 
 1 Mikael Backlund          Anders Lee               Eeli Tolvanen            40     1   2  2  
 2 Scott Laughton           Mason Marchment          Brock McGinn             30     1   2  2  
 3 Tyson Jost               Nick Ritchie             Christian Fischer        20     1   2  2  
 4 Sammy Blais              Nicolas Deslauriers      Ryan Reaves              10     3   1  1  

5 vs 5 Defense 
   Defense                  Defense                                           Time % Phy DF OF 
 1 Dylan DeMelo             Timothy Liljegren                                 40     1   2  2  
 2 Erik Gudbranson          Chad Ruhwedel                                     30     1   2  2  
 3 Josh Mahura              Robert Hagg                                       20     1   2  2  
 4 Dylan DeMelo             Timothy Liljegren                                 10     1   2  2  

PowerPlay Forward 
   Center                   Left Wing                Right Wing               Time % Phy DF OF 
 1 Mikael Backlund          Anders Lee               Eeli Tolvanen            60     1   2  2  
 2 Tyson Jost               Scott Laughton           Mason Marchment          40     1   2  2  

PowerPlay Defense
   Defense                  Defense                                           Time % Phy DF OF 
 1 Dylan DeMelo             Erik Gudbranson                                   60     1   2  2  
 2 Timothy Liljegren        Josh Mahura                                       40     1   2  2  

Penalty Kill 4 Players Forward 
   Center                   Wing                     Time % Phy DF OF 
 1 Mikael Backlund          Brock McGinn             60     1   2  2  
 2 Scott Laughton           Tyson Jost               40     1   2  2  

Penalty Kill 4 Players Defense
   Defense                  Defense                  Time % Phy DF OF 
 1 Dylan DeMelo             Erik Gudbranson          60     1   2  2  
 2 Timothy Liljegren        Chad Ruhwedel            40     1   2  2  

Penalty Kill - 3 Players Forward 
   Forward                                           Time % Phy DF OF 
 1 Mikael Backlund                                   60     1   2  2  
 2 Scott Laughton                                    40     1   2  2  

Penalty Kill - 3 Players Defense
   Defense                  Defense                  Time % Phy DF OF 
 1 Dylan DeMelo             Erik Gudbranson          60     1   2  2  
 2 Timothy Liljegren        Chad Ruhwedel            40     1   2  2  

4 vs 4 Forward 
   Center                   Wing                     Time % Phy DF OF 
 1 Mikael Backlund          Eeli Tolvanen            60     1   2  2  
 2 Anders Lee               Mason Marchment          40     1   2  2  

4 vs 4 Defense
   Defense                  Defense                  Time % Phy DF OF 
 1 Dylan DeMelo             Erik Gudbranson          60     1   2  2  
 2 Timothy Liljegren        Chad Ruhwedel            40     1   2  2  

Last Minutes Offensive
   Center                   Left Wing                Right Wing               Defense                  Defense                  
   Mikael Backlund          Anders Lee               Eeli Tolvanen            Dylan DeMelo             Timothy Liljegren        

Last Minutes Defensive
   Center                   Left Wing                Right Wing               Defense                  Defense                  
   Mikael Backlund          Scott Laughton           Brock McGinn             Dylan DeMelo             Erik Gudbranson          

Goaltenders
Starting : Karel Vejmelka           
Backup : Calvin Petersen          

Extra Forwards
Normal : Christian Fischer, Brock McGinn, Nick Ritchie - PP : Christian Fischer, Brock McGinn - PK : Christian Fischer
Extra Defensemen
Normal : Chad Ruhwedel, Josh Mahura, Robert Hagg - PP : Chad Ruhwedel - PK : Chad Ruhwedel, Josh Mahura
Penalty Shots
Mikael Backlund, Anders Lee, Scott Laughton, Eeli Tolvanen, Mason Marchment

Scratches
Michael McCarron (Healthy), Philippe Myers (Healthy), Robin Lehner (Healthy)

SEATTLE Kraken

5 vs 5 Forward 
   Center                   Left Wing                Right Wing               Time % Phy DF OF 
 1 Luke Kunin               Brendan Lemieux          Jordan Greenway          40     1   2  2  
 2 Matty Beniers            Matt Martin              Liam O'Brien             30     1   2  2  
 3 Zack MacEwen             Ryan Kesler              Brendan Lemieux          20     1   2  2  
 4 Mathieu Olivier          Wayne Simmonds           Givani Smith             10     1   2  2  

5 vs 5 Defense 
   Defense                  Defense                                           Time % Phy DF OF 
 1 Radko Gudas              Jake Gardiner                                     40     1   2  2  
 2 Jakub Zboril             Arber Xhekaj                                      30     1   2  2  
 3 Jordan Gross             Joel Hanley                                       20     1   2  2  
 4 Radko Gudas              Jake Gardiner                                     10     1   2  2  

PowerPlay Forward 
   Center                   Left Wing                Right Wing               Time % Phy DF OF 
 1 Luke Kunin               Brendan Lemieux          Jordan Greenway          60     1   2  2  
 2 Matty Beniers            Matt Martin              Wayne Simmonds           40     1   2  2  

PowerPlay Defense
   Defense                  Defense                                           Time % Phy DF OF 
 1 Radko Gudas              Joel Hanley                                       60     1   2  2  
 2 Jakub Zboril             Jake Gardiner                                     40     1   2  2  

Penalty Kill 4 Players Forward 
   Center                   Wing                     Time % Phy DF OF 
 1 Brendan Lemieux          Luke Kunin               60     1   2  2  
 2 Jordan Greenway          Matt Martin              40     1   2  2  

Penalty Kill 4 Players Defense
   Defense                  Defense                  Time % Phy DF OF 
 1 Jake Gardiner            Radko Gudas              60     1   2  2  
 2 Jakub Zboril             Joel Hanley              40     1   2  2  

Penalty Kill - 3 Players Forward 
   Forward                                           Time % Phy DF OF 
 1 Jordan Greenway                                   60     1   2  2  
 2 Luke Kunin                                        40     1   2  2  

Penalty Kill - 3 Players Defense
   Defense                  Defense                  Time % Phy DF OF 
 1 Radko Gudas              Joel Hanley              60     1   2  2  
 2 Jakub Zboril             Jake Gardiner            40     1   2  2  

4 vs 4 Forward 
   Center                   Wing                     Time % Phy DF OF 
 1 Luke Kunin               Jordan Greenway          60     1   2  2  
 2 Brendan Lemieux          Matt Martin              40     1   2  2  

4 vs 4 Defense
   Defense                  Defense                  Time % Phy DF OF 
 1 Joel Hanley              Jake Gardiner            60     1   2  2  
 2 Jakub Zboril             Jordan Gross             40     1   2  2  

Last Minutes Offensive
   Center                   Left Wing                Right Wing               Defense                  Defense                  
   Luke Kunin               Brendan Lemieux          Jordan Greenway          Radko Gudas              Jake Gardiner            

Last Minutes Defensive
   Center                   Left Wing                Right Wing               Defense                  Defense                  
   Luke Kunin               Brendan Lemieux          Jordan Greenway          Radko Gudas              Jake Gardiner            

Goaltenders
Starting : Sergei Bobrovsky         
Backup : Laurent Brossoit         

Extra Forwards
Normal : Jordan Greenway, Brendan Lemieux, Luke Kunin - PP : Luke Kunin, Brendan Lemieux - PK : Luke Kunin
Extra Defensemen
Normal : Jordan Gross, Joel Hanley, Jakub Zboril - PP : Jakub Zboril - PK : Joel Hanley, Jakub Zboril
Penalty Shots
Brendan Lemieux, Luke Kunin, Jordan Greenway, Matt Martin, Wayne Simmonds

Scratches
Carey Price (Healthy)

% Time on Ice - TAMPA BAY Lightning

Lines # - Real PCT - Wanted PCT - Time Play
Normal Forward
1 - 31% - 40% - 13:13
2 - 23% - 30% - 9:46
3 - 23% - 20% - 9:58
4 - 23% - 10% - 9:48
Normal Defense
1 - 38% - 40% - 16:16
2 - 32% - 30% - 13:37
3 - 30% - 20% - 12:52
4 - 0% - 10% - 0:00
PP Forward
1 - 50% - 60% - 2:57
2 - 50% - 40% - 3:00
PP Defense
1 - 43% - 60% - 2:35
2 - 57% - 40% - 3:22
PK Forward
1 - 79% - 60% - 7:21
2 - 21% - 40% - 1:58
PK Defense
1 - 62% - 60% - 5:48
2 - 38% - 40% - 3:31
PK3 Forward
1 - 0% - 60%
2 - 0% - 40%
PK3 Defense
1 - 0% - 60%
2 - 0% - 40%
44 Forward
1 - 100% - 60% - 1:59
2 - 0% - 40% - 0:00
44 Defense
1 - 100% - 60% - 1:59
2 - 0% - 40% - 0:00
Last Minute Offensive  - 0:00
Last Minute Defensive  - 0:00
Total
Forward - 60:00
Defense - 60:00

% Time on Ice - SEATTLE Kraken

Lines # - Real PCT - Wanted PCT - Time Play
Normal Forward
1 - 27% - 40% - 11:21
2 - 37% - 30% - 15:54
3 - 10% - 20% - 4:27
4 - 26% - 10% - 11:03
Normal Defense
1 - 39% - 40% - 16:48
2 - 34% - 30% - 14:43
3 - 26% - 20% - 11:14
4 - 0% - 10% - 0:00
PP Forward
1 - 65% - 60% - 6:04
2 - 35% - 40% - 3:15
PP Defense
1 - 72% - 60% - 6:40
2 - 28% - 40% - 2:39
PK Forward
1 - 62% - 60% - 3:42
2 - 38% - 40% - 2:15
PK Defense
1 - 59% - 60% - 3:30
2 - 41% - 40% - 2:27
PK3 Forward
1 - 0% - 60%
2 - 0% - 40%
PK3 Defense
1 - 0% - 60%
2 - 0% - 40%
44 Forward
1 - 98% - 60% - 1:57
2 - 2% - 40% - 0:02
44 Defense
1 - 63% - 60% - 1:15
2 - 37% - 40% - 0:44
Last Minute Offensive  - 0:00
Last Minute Defensive  - 0:00
Total
Forward - 60:00
Defense - 60:00

Play-by-Play

1st period


0:01 of 1st period - Mikael Backlund wins face-off versus Jordan Greenway in neutral zone.
0:01 of 1st period - Mikael Backlund is hit by Brendan Lemieux.
0:11 of 1st period - Shot by Anders Lee.
0:11 of 1st period - Shot Misses the Net.
0:33 of 1st period - Shot by Mikael Backlund.
0:33 of 1st period - Stopped by Sergei Bobrovsky without a rebound.
0:34 of 1st period - Matty Beniers wins face-off versus Scott Laughton in SEATTLE Kraken zone.
0:47 of 1st period - Shot by Scott Laughton.
0:47 of 1st period - Shot Misses the Net.
1:53 of 1st period - Shot by Zack MacEwen.
1:53 of 1st period - Shot Misses the Net.
1:55 of 1st period - Shot by Ryan Kesler.
1:55 of 1st period - Stopped by Karel Vejmelka without a rebound.
1:56 of 1st period - Tyson Jost wins face-off versus Mathieu Olivier in TAMPA BAY Lightning zone.
2:00 of 1st period - Minor Penalty to Mathieu Olivier for Roughing.
2:01 of 1st period - Brendan Lemieux wins face-off versus Eeli Tolvanen in SEATTLE Kraken zone.
2:10 of 1st period - Shot by Josh Mahura.
2:10 of 1st period - Shot Blocked by Brendan Lemieux.
2:12 of 1st period - Shot by Mikael Backlund.
2:12 of 1st period - Shot Blocked by Jake Gardiner.
2:26 of 1st period - Shot by Mikael Backlund.
2:26 of 1st period - Deflect By Eeli Tolvanen.
2:26 of 1st period - Stopped by Sergei Bobrovsky without a rebound.
2:27 of 1st period - Jordan Greenway wins face-off versus Mikael Backlund in SEATTLE Kraken zone.
3:09 of 1st period - Icing by Tyson Jost.
3:10 of 1st period - Brendan Lemieux wins face-off versus Scott Laughton in TAMPA BAY Lightning zone.
3:21 of 1st period - Shot by Josh Mahura.
3:21 of 1st period - Deflect By Scott Laughton.
3:21 of 1st period - Shot Blocked by Radko Gudas.
3:23 of 1st period - Shot by Josh Mahura.
3:23 of 1st period - Stopped by Sergei Bobrovsky without a rebound.
3:24 of 1st period - Tyson Jost wins face-off versus Matt Martin in SEATTLE Kraken zone.
3:27 of 1st period - Shot by Scott Laughton.
3:27 of 1st period - Deflect By Tyson Jost.
3:27 of 1st period - Shot Blocked by Matt Martin.
4:00 of 1st period - Tyson Jost is hit by Joel Hanley and loses puck.
4:08 of 1st period - Givani Smith is hit by Erik Gudbranson and loses puck.
4:17 of 1st period - Shot by Mathieu Olivier.
4:17 of 1st period - Shot Blocked by Erik Gudbranson.
4:29 of 1st period - Shot by Mathieu Olivier.
4:29 of 1st period - Shot Blocked by Erik Gudbranson.
4:38 of 1st period - Wayne Simmonds is hit by Chad Ruhwedel and loses puck.
5:16 of 1st period - Shot by Matty Beniers.
5:16 of 1st period - Shot Misses the Net.
5:18 of 1st period - Shot by Radko Gudas.
5:18 of 1st period - Stopped by Karel Vejmelka without a rebound.
5:19 of 1st period - Mikael Backlund wins face-off versus Luke Kunin in TAMPA BAY Lightning zone.
5:29 of 1st period - Shot by Luke Kunin.
5:29 of 1st period - Stopped by Karel Vejmelka without a rebound.
5:30 of 1st period - Tyson Jost wins face-off versus Luke Kunin in TAMPA BAY Lightning zone.
6:11 of 1st period - Shot by Jordan Greenway.
6:11 of 1st period - Goal by Jordan Greenway - TAMPA BAY Lightning : 0 - SEATTLE Kraken : 1.
6:12 of 1st period - Mikael Backlund wins face-off versus Matty Beniers in neutral zone.
7:18 of 1st period - Icing by Joel Hanley.
7:19 of 1st period - Mathieu Olivier wins face-off versus Brock McGinn in SEATTLE Kraken zone.
7:19 of 1st period - Mathieu Olivier is hit by Mason Marchment.
7:24 of 1st period - Jordan Gross is hit by Timothy Liljegren.
8:22 of 1st period - Erik Gudbranson is hit by Brendan Lemieux and loses puck.
9:03 of 1st period - Shot by Matt Martin.
9:03 of 1st period - Goal by Matt Martin - TAMPA BAY Lightning : 0 - SEATTLE Kraken : 2.
9:04 of 1st period - Mikael Backlund wins face-off versus Liam O'Brien in neutral zone.
9:35 of 1st period - Eeli Tolvanen is hit by Matt Martin and loses puck.
10:10 of 1st period - Icing by Josh Mahura.
10:11 of 1st period - Mikael Backlund wins face-off versus Luke Kunin in TAMPA BAY Lightning zone.
10:11 of 1st period - Mikael Backlund is hit by Jordan Greenway.
10:37 of 1st period - Brock McGinn is hit by Arber Xhekaj and loses puck.
10:50 of 1st period - Shot by Scott Laughton.
10:50 of 1st period - Stopped by Sergei Bobrovsky without a rebound.
10:51 of 1st period - Tyson Jost wins face-off versus Mathieu Olivier in SEATTLE Kraken zone.
10:55 of 1st period - Icing by Jordan Gross.
10:56 of 1st period - Mathieu Olivier wins face-off versus Tyson Jost in SEATTLE Kraken zone.
11:12 of 1st period - Minor Penalty to Erik Gudbranson for High sticking.
11:13 of 1st period - Luke Kunin wins face-off versus Brock McGinn in TAMPA BAY Lightning zone.
11:20 of 1st period - Shot by Radko Gudas.
11:20 of 1st period - Shot Misses the Net.
11:22 of 1st period - Shot by Radko Gudas.
11:22 of 1st period - Goal by Radko Gudas - TAMPA BAY Lightning : 0 - SEATTLE Kraken : 3.
11:23 of 1st period - Matty Beniers wins face-off versus Tyson Jost in neutral zone.
11:25 of 1st period - Radko Gudas is hit by Timothy Liljegren and loses puck.
11:39 of 1st period - Icing by Dylan DeMelo.
11:40 of 1st period - Zack MacEwen wins face-off versus Tyson Jost in TAMPA BAY Lightning zone.
11:40 of 1st period - Arber Xhekaj is hit by Timothy Liljegren and loses puck.
12:05 of 1st period - Icing by Jakub Zboril.
12:06 of 1st period - Zack MacEwen wins face-off versus Mikael Backlund in SEATTLE Kraken zone.
12:06 of 1st period - Minor Penalty to Anders Lee for Tripping.
12:07 of 1st period - Mikael Backlund wins face-off versus Matty Beniers in TAMPA BAY Lightning zone.
12:15 of 1st period - Off-side.
12:16 of 1st period - Mikael Backlund wins face-off versus Luke Kunin in neutral zone.
13:26 of 1st period - Shot by Matty Beniers.
13:26 of 1st period - Stopped by Karel Vejmelka with a rebound.
13:32 of 1st period - Shot by Matty Beniers.
13:32 of 1st period - Stopped by Karel Vejmelka with a rebound.
13:34 of 1st period - Shot by Jakub Zboril.
13:34 of 1st period - Stopped by Karel Vejmelka with a rebound.
13:36 of 1st period - Shot by Jake Gardiner.
13:36 of 1st period - Goal by Jake Gardiner - TAMPA BAY Lightning : 0 - SEATTLE Kraken : 4.
13:37 of 1st period - Mathieu Olivier wins face-off versus Tyson Jost in neutral zone.
13:58 of 1st period - Shot by Wayne Simmonds.
13:58 of 1st period - Stopped by Karel Vejmelka without a rebound.
13:59 of 1st period - Matty Beniers wins face-off versus Sammy Blais in TAMPA BAY Lightning zone.
14:10 of 1st period - Shot by Liam O'Brien.
14:10 of 1st period - Shot Misses the Net.
14:18 of 1st period - Shot by Matt Martin.
14:18 of 1st period - Shot Misses the Net.
14:24 of 1st period - Shot by Matty Beniers.
14:24 of 1st period - Shot Misses the Net.
14:26 of 1st period - Shot by Radko Gudas.
14:26 of 1st period - Stopped by Karel Vejmelka without a rebound.
14:27 of 1st period - Luke Kunin wins face-off versus Tyson Jost in TAMPA BAY Lightning zone.
15:05 of 1st period - Shot by Nick Ritchie.
15:05 of 1st period - Goal by Nick Ritchie - TAMPA BAY Lightning : 1 - SEATTLE Kraken : 4.
15:06 of 1st period - Mikael Backlund wins face-off versus Matty Beniers in neutral zone.
15:48 of 1st period - Shot by Matt Martin.
15:48 of 1st period - Stopped by Karel Vejmelka without a rebound.
15:49 of 1st period - Scott Laughton wins face-off versus Luke Kunin in TAMPA BAY Lightning zone.
16:05 of 1st period - Icing by Radko Gudas.
16:06 of 1st period - Jordan Greenway wins face-off versus Sammy Blais in SEATTLE Kraken zone.
16:06 of 1st period - Brendan Lemieux is hit by Nicolas Deslauriers.
16:23 of 1st period - Icing by Chad Ruhwedel.
16:24 of 1st period - Matty Beniers wins face-off versus Sammy Blais in TAMPA BAY Lightning zone.
16:28 of 1st period - Matty Beniers is hit by Erik Gudbranson and loses puck.
17:26 of 1st period - Shot by Eeli Tolvanen.
17:26 of 1st period - Stopped by Sergei Bobrovsky without a rebound.
17:27 of 1st period - Luke Kunin wins face-off versus Scott Laughton in SEATTLE Kraken zone.
17:42 of 1st period - Shot by Mason Marchment.
17:42 of 1st period - Shot Misses the Net.
17:46 of 1st period - Shot by Brock McGinn.
17:46 of 1st period - Shot Misses the Net.
17:48 of 1st period - Shot by Brock McGinn.
17:48 of 1st period - Shot Misses the Net.
17:50 of 1st period - Shot by Timothy Liljegren.
17:50 of 1st period - Stopped by Sergei Bobrovsky without a rebound.
17:51 of 1st period - Mathieu Olivier wins face-off versus Mikael Backlund in SEATTLE Kraken zone.
17:51 of 1st period - Givani Smith is hit by Anders Lee and loses puck.
18:34 of 1st period - Shot by Eeli Tolvanen.
18:34 of 1st period - Shot Misses the Net.
18:43 of 1st period - Wayne Simmonds is hit by Mason Marchment and loses puck.
18:55 of 1st period - Icing by Dylan DeMelo.
18:56 of 1st period - Scott Laughton wins face-off versus Brendan Lemieux in TAMPA BAY Lightning zone.
18:56 of 1st period - Scott Laughton is hit by Brendan Lemieux.
18:59 of 1st period - Dylan DeMelo is hit by Brendan Lemieux and loses puck.
19:19 of 1st period - Minor Penalty to Luke Kunin for Hooking.
19:19 of 1st period - Minor Penalty to Dylan DeMelo for Delaying the game.
19:20 of 1st period - Mikael Backlund wins face-off versus Brendan Lemieux in TAMPA BAY Lightning zone.
19:35 of 1st period - Shot by Jordan Greenway.
19:35 of 1st period - Shot Misses the Net.
Goals for this period are 1 for TAMPA BAY Lightning vs 4 for SEATTLE Kraken.
Shots for this period are 7 for TAMPA BAY Lightning vs 13 for SEATTLE Kraken.

2nd period


0:01 of 2nd period - Brendan Lemieux wins face-off versus Mikael Backlund in neutral zone.
0:38 of 2nd period - Shot by Brendan Lemieux.
0:38 of 2nd period - Stopped by Karel Vejmelka without a rebound.
0:39 of 2nd period - Ryan Kesler wins face-off versus Mikael Backlund in TAMPA BAY Lightning zone.
1:04 of 2nd period - Shot by Eeli Tolvanen.
1:04 of 2nd period - Shot Misses the Net.
1:28 of 2nd period - Shot by Matty Beniers.
1:28 of 2nd period - Shot Misses the Net.
1:30 of 2nd period - Shot by Matt Martin.
1:30 of 2nd period - Shot Misses the Net.
3:57 of 2nd period - Nicolas Deslauriers is hit by Joel Hanley and loses puck.
4:12 of 2nd period - Shot by Nicolas Deslauriers.
4:12 of 2nd period - Stopped by Sergei Bobrovsky without a rebound.
4:13 of 2nd period - Mikael Backlund wins face-off versus Luke Kunin in SEATTLE Kraken zone.
4:54 of 2nd period - Shot by Anders Lee.
4:54 of 2nd period - Stopped by Sergei Bobrovsky without a rebound.
4:55 of 2nd period - Scott Laughton wins face-off versus Mathieu Olivier in SEATTLE Kraken zone.
5:00 of 2nd period - Shot by Scott Laughton.
5:00 of 2nd period - Shot Misses the Net.
5:08 of 2nd period - Shot by Mason Marchment.
5:08 of 2nd period - Shot Misses the Net.
5:10 of 2nd period - Shot by Mason Marchment.
5:10 of 2nd period - Stopped by Sergei Bobrovsky without a rebound.
5:11 of 2nd period - Sammy Blais wins face-off versus Zack MacEwen in SEATTLE Kraken zone.
5:48 of 2nd period - Shot by Chad Ruhwedel.
5:48 of 2nd period - Stopped by Sergei Bobrovsky without a rebound.
5:49 of 2nd period - Matt Martin wins face-off versus Mikael Backlund in SEATTLE Kraken zone.
5:56 of 2nd period - Shot by Matt Martin.
5:56 of 2nd period - Shot Misses the Net.
6:09 of 2nd period - Matty Beniers is hit by Timothy Liljegren and loses puck.
6:20 of 2nd period - Shot by Timothy Liljegren.
6:20 of 2nd period - Shot Blocked by Jake Gardiner.
6:22 of 2nd period - Shot by Mikael Backlund.
6:22 of 2nd period - Goal by Mikael Backlund - TAMPA BAY Lightning : 2 - SEATTLE Kraken : 4.
6:23 of 2nd period - Scott Laughton wins face-off versus Mathieu Olivier in neutral zone.
6:27 of 2nd period - Minor Penalty to Jordan Gross for Boarding.
6:28 of 2nd period - Brendan Lemieux wins face-off versus Tyson Jost in SEATTLE Kraken zone.
6:28 of 2nd period - Brendan Lemieux is hit by Mason Marchment.
6:44 of 2nd period - Shot by Dylan DeMelo.
6:44 of 2nd period - Stopped by Sergei Bobrovsky without a rebound.
6:45 of 2nd period - Mikael Backlund wins face-off versus Brendan Lemieux in SEATTLE Kraken zone.
8:46 of 2nd period - Minor Penalty to Robert Hagg for Roughing.
8:47 of 2nd period - Mikael Backlund wins face-off versus Matty Beniers in TAMPA BAY Lightning zone.
8:47 of 2nd period - Mikael Backlund is hit by Matty Beniers.
10:28 of 2nd period - Shot by Jake Gardiner.
10:28 of 2nd period - Goal by Jake Gardiner - TAMPA BAY Lightning : 2 - SEATTLE Kraken : 5.
10:28 of 2nd period - Calvin Petersen enters game.
10:29 of 2nd period - Sammy Blais wins face-off versus Wayne Simmonds in neutral zone.
10:54 of 2nd period - Shot by Sammy Blais.
10:54 of 2nd period - Shot Blocked by Arber Xhekaj.
10:56 of 2nd period - Shot by Sammy Blais.
10:56 of 2nd period - Stopped by Sergei Bobrovsky with a rebound.
10:58 of 2nd period - Shot by Sammy Blais.
10:58 of 2nd period - Stopped by Sergei Bobrovsky with a rebound.
11:00 of 2nd period - Shot by Robert Hagg.
11:00 of 2nd period - Stopped by Sergei Bobrovsky without a rebound.
11:01 of 2nd period - Nick Ritchie wins face-off versus Matty Beniers in SEATTLE Kraken zone.
11:23 of 2nd period - Icing by Tyson Jost.
11:24 of 2nd period - Tyson Jost wins face-off versus Luke Kunin in TAMPA BAY Lightning zone.
11:33 of 2nd period - Luke Kunin is hit by Nick Ritchie and loses puck.
13:11 of 2nd period - Icing by Robert Hagg.
13:12 of 2nd period - Scott Laughton wins face-off versus Matty Beniers in TAMPA BAY Lightning zone.
13:24 of 2nd period - Minor Penalty to Robert Hagg for Goalie Interference.
13:25 of 2nd period - Mikael Backlund wins face-off versus Matty Beniers in TAMPA BAY Lightning zone.
13:35 of 2nd period - Mikael Backlund is hit by Jakub Zboril and loses puck.
13:39 of 2nd period - Icing by Jakub Zboril.
13:40 of 2nd period - Mikael Backlund wins face-off versus Matty Beniers in SEATTLE Kraken zone.
13:47 of 2nd period - Shot by Dylan DeMelo.
13:47 of 2nd period - Stopped by Sergei Bobrovsky without a rebound.
13:48 of 2nd period - Mikael Backlund wins face-off versus Matty Beniers in SEATTLE Kraken zone.
13:51 of 2nd period - Shot by Brock McGinn.
13:51 of 2nd period - Stopped by Sergei Bobrovsky without a rebound.
13:52 of 2nd period - Mikael Backlund wins face-off versus Matty Beniers in SEATTLE Kraken zone.
13:52 of 2nd period - Erik Gudbranson is hit by Jakub Zboril and loses puck.
13:59 of 2nd period - Shot by Jakub Zboril.
13:59 of 2nd period - Shot Misses the Net.
14:01 of 2nd period - Shot by Matty Beniers.
14:01 of 2nd period - Shot Misses the Net.
14:03 of 2nd period - Shot by Matty Beniers.
14:03 of 2nd period - Stopped by Calvin Petersen with a rebound.
14:05 of 2nd period - Shot by Jake Gardiner.
14:05 of 2nd period - Stopped by Calvin Petersen without a rebound.
14:06 of 2nd period - Mikael Backlund wins face-off versus Matty Beniers in TAMPA BAY Lightning zone.
14:06 of 2nd period - Mikael Backlund is hit by Matt Martin.
14:34 of 2nd period - Shot by Jakub Zboril.
14:34 of 2nd period - Stopped by Calvin Petersen without a rebound.
14:35 of 2nd period - Luke Kunin wins face-off versus Scott Laughton in TAMPA BAY Lightning zone.
17:11 of 2nd period - Shot by Brendan Lemieux.
17:11 of 2nd period - Stopped by Calvin Petersen without a rebound.
17:12 of 2nd period - Luke Kunin wins face-off versus Scott Laughton in TAMPA BAY Lightning zone.
17:23 of 2nd period - Shot by Luke Kunin.
17:23 of 2nd period - Stopped by Calvin Petersen without a rebound.
17:24 of 2nd period - Mikael Backlund wins face-off versus Givani Smith in TAMPA BAY Lightning zone.
18:03 of 2nd period - Shot by Eeli Tolvanen.
18:03 of 2nd period - Deflect By Mikael Backlund.
18:03 of 2nd period - Goal by Mikael Backlund - TAMPA BAY Lightning : 3 - SEATTLE Kraken : 5.
18:04 of 2nd period - Mason Marchment wins face-off versus Luke Kunin in neutral zone.
18:22 of 2nd period - Icing by Jake Gardiner.
18:23 of 2nd period - Luke Kunin wins face-off versus Sammy Blais in SEATTLE Kraken zone.
18:38 of 2nd period - Shot by Jordan Greenway.
18:38 of 2nd period - Stopped by Calvin Petersen with a rebound.
18:40 of 2nd period - Shot by Jordan Greenway.
18:40 of 2nd period - Stopped by Calvin Petersen without a rebound.
18:41 of 2nd period - Mikael Backlund wins face-off versus Matty Beniers in TAMPA BAY Lightning zone.
18:41 of 2nd period - Mikael Backlund is hit by Matt Martin.
18:46 of 2nd period - Icing by Mikael Backlund.
18:47 of 2nd period - Matty Beniers wins face-off versus Mikael Backlund in TAMPA BAY Lightning zone.
18:52 of 2nd period - Shot by Matt Martin.
18:52 of 2nd period - Stopped by Calvin Petersen without a rebound.
18:53 of 2nd period - Mikael Backlund wins face-off versus Luke Kunin in TAMPA BAY Lightning zone.
18:53 of 2nd period - Anders Lee is hit by Brendan Lemieux and loses puck.
18:55 of 2nd period - Minor Penalty to Timothy Liljegren for Goalie Interference.
18:56 of 2nd period - Luke Kunin wins face-off versus Mikael Backlund in TAMPA BAY Lightning zone.
19:03 of 2nd period - Shot by Jordan Greenway.
19:03 of 2nd period - Deflect By Brendan Lemieux.
19:03 of 2nd period - Stopped by Calvin Petersen without a rebound.
19:04 of 2nd period - Luke Kunin wins face-off versus Mikael Backlund in TAMPA BAY Lightning zone.
19:13 of 2nd period - Shot by Radko Gudas.
19:13 of 2nd period - Shot Blocked by Brock McGinn.
Goals for this period are 2 for TAMPA BAY Lightning vs 1 for SEATTLE Kraken.
Shots for this period are 12 for TAMPA BAY Lightning vs 11 for SEATTLE Kraken.

3rd period


0:01 of 3rd period - Brock McGinn wins face-off versus Luke Kunin in neutral zone.
0:11 of 3rd period - Shot by Luke Kunin.
0:11 of 3rd period - Shot Misses the Net.
0:48 of 3rd period - Off-side.
0:49 of 3rd period - Matty Beniers wins face-off versus Scott Laughton in neutral zone.
0:55 of 3rd period - Jakub Zboril is hit by Timothy Liljegren and loses puck.
1:11 of 3rd period - Shot by Nicolas Deslauriers.
1:11 of 3rd period - Shot Misses the Net.
1:13 of 3rd period - Shot by Ryan Reaves.
1:13 of 3rd period - Shot Misses the Net.
1:31 of 3rd period - Shot by Sammy Blais.
1:31 of 3rd period - Shot Misses the Net.
1:33 of 3rd period - Shot by Ryan Reaves.
1:33 of 3rd period - Deflect By Nicolas Deslauriers.
1:33 of 3rd period - Stopped by Sergei Bobrovsky with a rebound.
1:35 of 3rd period - Shot by Nicolas Deslauriers.
1:35 of 3rd period - Deflect By Ryan Reaves.
1:35 of 3rd period - Stopped by Sergei Bobrovsky without a rebound.
1:36 of 3rd period - Matty Beniers wins face-off versus Anders Lee in SEATTLE Kraken zone.
1:36 of 3rd period - Matty Beniers is hit by Anders Lee.
1:41 of 3rd period - Icing by Radko Gudas.
1:42 of 3rd period - Matty Beniers wins face-off versus Mikael Backlund in SEATTLE Kraken zone.
1:52 of 3rd period - Anders Lee is hit by Radko Gudas.
1:54 of 3rd period - Shot by Eeli Tolvanen.
1:54 of 3rd period - Deflect By Mikael Backlund.
1:54 of 3rd period - Shot Misses the Net.
1:56 of 3rd period - Shot by Anders Lee.
1:56 of 3rd period - Shot Misses the Net.
1:58 of 3rd period - Shot by Chad Ruhwedel.
1:58 of 3rd period - Shot Misses the Net.
2:00 of 3rd period - Shot by Mikael Backlund.
2:00 of 3rd period - Shot Misses the Net.
2:05 of 3rd period - Mikael Backlund is hit by Radko Gudas and loses puck.
2:14 of 3rd period - Shot by Mikael Backlund.
2:14 of 3rd period - Stopped by Sergei Bobrovsky without a rebound.
2:15 of 3rd period - Luke Kunin wins face-off versus Scott Laughton in SEATTLE Kraken zone.
2:15 of 3rd period - Luke Kunin is hit by Scott Laughton.
2:28 of 3rd period - Icing by Jakub Zboril.
2:29 of 3rd period - Tyson Jost wins face-off versus Luke Kunin in SEATTLE Kraken zone.
2:29 of 3rd period - Christian Fischer is hit by Arber Xhekaj and loses puck.
2:44 of 3rd period - Shot by Brendan Lemieux.
2:44 of 3rd period - Shot Misses the Net.
2:46 of 3rd period - Shot by Luke Kunin.
2:46 of 3rd period - Deflect By Jordan Greenway.
2:46 of 3rd period - Stopped by Calvin Petersen without a rebound.
2:47 of 3rd period - Mikael Backlund wins face-off versus Matty Beniers in TAMPA BAY Lightning zone.
3:18 of 3rd period - Shot by Matt Martin.
3:18 of 3rd period - Shot Misses the Net.
4:38 of 3rd period - Shot by Christian Fischer.
4:38 of 3rd period - Shot Hit the Post.
4:40 of 3rd period - Shot by Josh Mahura.
4:40 of 3rd period - Stopped by Sergei Bobrovsky without a rebound.
4:41 of 3rd period - Luke Kunin wins face-off versus Sammy Blais in SEATTLE Kraken zone.
4:41 of 3rd period - Luke Kunin is hit by Nicolas Deslauriers.
5:02 of 3rd period - Ryan Reaves is hit by Arber Xhekaj and loses puck.
5:19 of 3rd period - Shot by Brendan Lemieux.
5:19 of 3rd period - Stopped by Calvin Petersen without a rebound.
5:20 of 3rd period - Mathieu Olivier wins face-off versus Mikael Backlund in TAMPA BAY Lightning zone.
5:20 of 3rd period - Mathieu Olivier is hit by Robert Hagg.
5:25 of 3rd period - Minor Penalty to Josh Mahura for Holding.
5:26 of 3rd period - Mikael Backlund wins face-off versus Luke Kunin in TAMPA BAY Lightning zone.
6:01 of 3rd period - Icing by Joel Hanley.
6:02 of 3rd period - Luke Kunin wins face-off versus Scott Laughton in SEATTLE Kraken zone.
6:11 of 3rd period - Shot by Tyson Jost.
6:11 of 3rd period - Shot Blocked by Jordan Greenway.
6:37 of 3rd period - Icing by Luke Kunin.
6:38 of 3rd period - Mikael Backlund wins face-off versus Luke Kunin in SEATTLE Kraken zone.
7:03 of 3rd period - Shot by Matty Beniers.
7:03 of 3rd period - Stopped by Calvin Petersen without a rebound.
7:04 of 3rd period - Matty Beniers wins face-off versus Mikael Backlund in TAMPA BAY Lightning zone.
7:05 of 3rd period - Shot by Radko Gudas.
7:05 of 3rd period - Shot Misses the Net.
7:07 of 3rd period - Shot by Jake Gardiner.
7:07 of 3rd period - Stopped by Calvin Petersen with a rebound.
8:17 of 3rd period - Shot by Matty Beniers.
8:17 of 3rd period - Shot Misses the Net.
8:19 of 3rd period - Shot by Liam O'Brien.
8:19 of 3rd period - Shot Misses the Net.
8:51 of 3rd period - Robert Hagg is hit by Zack MacEwen and loses puck.
9:06 of 3rd period - Shot by Ryan Kesler.
9:06 of 3rd period - Stopped by Calvin Petersen without a rebound.
9:07 of 3rd period - Mikael Backlund wins face-off versus Mathieu Olivier in TAMPA BAY Lightning zone.
9:51 of 3rd period - Mikael Backlund is hit by Arber Xhekaj and loses puck.
10:12 of 3rd period - Shot by Liam O'Brien.
10:12 of 3rd period - Stopped by Calvin Petersen without a rebound.
10:13 of 3rd period - Scott Laughton wins face-off versus Luke Kunin in TAMPA BAY Lightning zone.
10:18 of 3rd period - Shot by Mason Marchment.
10:18 of 3rd period - Stopped by Sergei Bobrovsky without a rebound.
10:19 of 3rd period - Scott Laughton wins face-off versus Luke Kunin in SEATTLE Kraken zone.
10:38 of 3rd period - Luke Kunin is hit by Brock McGinn and loses puck.
10:42 of 3rd period - Jordan Gross is hit by Chad Ruhwedel and loses puck.
10:47 of 3rd period - Shot by Brendan Lemieux.
10:47 of 3rd period - Stopped by Calvin Petersen with a rebound.
10:51 of 3rd period - Shot by Brendan Lemieux.
10:51 of 3rd period - Shot Misses the Net.
10:53 of 3rd period - Shot by Jordan Greenway.
10:53 of 3rd period - Stopped by Calvin Petersen with a rebound.
10:55 of 3rd period - Shot by Luke Kunin.
10:55 of 3rd period - Stopped by Calvin Petersen without a rebound.
10:56 of 3rd period - Tyson Jost wins face-off versus Matty Beniers in TAMPA BAY Lightning zone.
10:56 of 3rd period - Tyson Jost is hit by Liam O'Brien.
11:03 of 3rd period - Christian Fischer is hit by Radko Gudas and loses puck.
11:22 of 3rd period - Shot by Matt Martin.
11:22 of 3rd period - Stopped by Calvin Petersen without a rebound.
11:23 of 3rd period - Wayne Simmonds wins face-off versus Mikael Backlund in TAMPA BAY Lightning zone.
11:48 of 3rd period - Shot by Wayne Simmonds.
11:48 of 3rd period - Shot Misses the Net.
12:31 of 3rd period - Shot by Jordan Greenway.
12:31 of 3rd period - Shot Misses the Net.
12:40 of 3rd period - Shot by Scott Laughton.
12:40 of 3rd period - Shot Misses the Net.
12:42 of 3rd period - Shot by Chad Ruhwedel.
12:42 of 3rd period - Stopped by Sergei Bobrovsky without a rebound.
12:43 of 3rd period - Matty Beniers wins face-off versus Tyson Jost in SEATTLE Kraken zone.
12:45 of 3rd period - Matt Martin is hit by Tyson Jost.
12:55 of 3rd period - Shot by Matt Martin.
12:55 of 3rd period - Shot Blocked by Robert Hagg.
13:01 of 3rd period - Jordan Gross is hit by Christian Fischer and loses puck.
13:12 of 3rd period - Shot by Christian Fischer.
13:12 of 3rd period - Stopped by Sergei Bobrovsky without a rebound.
13:13 of 3rd period - Brock McGinn wins face-off versus Zack MacEwen in SEATTLE Kraken zone.
13:29 of 3rd period - Icing by Jake Gardiner.
13:30 of 3rd period - Mikael Backlund wins face-off versus Ryan Kesler in SEATTLE Kraken zone.
14:04 of 3rd period - Shot by Eeli Tolvanen.
14:04 of 3rd period - Shot Misses the Net.
14:06 of 3rd period - Shot by Mikael Backlund.
14:06 of 3rd period - Stopped by Sergei Bobrovsky without a rebound.
14:07 of 3rd period - Matty Beniers wins face-off versus Mason Marchment in SEATTLE Kraken zone.
14:18 of 3rd period - Shot by Mason Marchment.
14:18 of 3rd period - Shot Misses the Net.
14:20 of 3rd period - Shot by Mason Marchment.
14:20 of 3rd period - Shot Misses the Net.
14:22 of 3rd period - Shot by Scott Laughton.
14:22 of 3rd period - Shot Blocked by Matt Martin.
14:24 of 3rd period - Shot by Scott Laughton.
14:24 of 3rd period - Stopped by Sergei Bobrovsky without a rebound.
14:25 of 3rd period - Mathieu Olivier wins face-off versus Tyson Jost in SEATTLE Kraken zone.
15:05 of 3rd period - Joel Hanley is hit by Nick Ritchie and loses puck.
16:14 of 3rd period - Shot by Jordan Greenway.
16:14 of 3rd period - Stopped by Calvin Petersen without a rebound.
16:15 of 3rd period - Matty Beniers wins face-off versus Sammy Blais in TAMPA BAY Lightning zone.
17:00 of 3rd period - Matt Martin is hit by Ryan Reaves and loses puck.
17:22 of 3rd period - Scott Laughton is hit by Radko Gudas and loses puck.
17:29 of 3rd period - Shot by Brock McGinn.
17:29 of 3rd period - Shot Misses the Net.
17:34 of 3rd period - Minor Penalty to Radko Gudas for Tripping.
17:35 of 3rd period - Mikael Backlund wins face-off versus Brendan Lemieux in SEATTLE Kraken zone.
17:36 of 3rd period - Shot by Eeli Tolvanen.
17:36 of 3rd period - Shot Misses the Net.
17:38 of 3rd period - Shot by Mikael Backlund.
17:38 of 3rd period - Shot Misses the Net.
17:40 of 3rd period - Shot by Timothy Liljegren.
17:40 of 3rd period - Stopped by Sergei Bobrovsky with a rebound.
17:42 of 3rd period - Shot by Mikael Backlund.
17:42 of 3rd period - Shot Misses the Net.
17:44 of 3rd period - Shot by Mikael Backlund.
17:44 of 3rd period - Shot Blocked by Jakub Zboril.
17:50 of 3rd period - Shot by Eeli Tolvanen.
17:50 of 3rd period - Shot Misses the Net.
17:52 of 3rd period - Shot by Timothy Liljegren.
17:52 of 3rd period - Shot Misses the Net.
17:54 of 3rd period - Shot by Eeli Tolvanen.
17:54 of 3rd period - Shot Blocked by Jakub Zboril.
17:56 of 3rd period - Shot by Anders Lee.
17:56 of 3rd period - Deflect By Mikael Backlund.
17:56 of 3rd period - Shot Misses the Net.
18:31 of 3rd period - Icing by Mikael Backlund.
18:32 of 3rd period - Ryan Kesler wins face-off versus Mikael Backlund in TAMPA BAY Lightning zone.
19:01 of 3rd period - Icing by Mason Marchment.
19:02 of 3rd period - Tyson Jost wins face-off versus Brendan Lemieux in TAMPA BAY Lightning zone.
19:48 of 3rd period - Shot by Ryan Reaves.
19:48 of 3rd period - Stopped by Sergei Bobrovsky without a rebound.
19:49 of 3rd period - Mikael Backlund wins face-off versus Matty Beniers in SEATTLE Kraken zone.
Goals for this period are 0 for TAMPA BAY Lightning vs 0 for SEATTLE Kraken.
Shots for this period are 11 for TAMPA BAY Lightning vs 11 for SEATTLE Kraken. Output by the SimonT Hockey Simulator (STHS) for Martin Benoit - Original Page W3C HTML5 Valid
Hockey Simulator - Hockey Simulation - Hockey Manager